Map: 111 guide

Players

Miszu

  • Race: Terran Terran
  • League: Master

Player 2

  • Race: Protoss Protoss

VOD

Have the link to the VOD?

Description

Time

  • Played on: April 7, 2016, 11:35 a.m.
  • Length: 1:29
Show
View Real Time Build Order
Export as new Build Order

Miszu Terran 

Build Orders:  

Get SALT Encoding   

  12  0:00  SCV x12  
  12  0:06  Unknown  
  12  0:08  SCV  
  14  0:27  SCV  
  14  0:31  Supply Depot  
  15  0:45  SCV  
  15  1:01  Barracks  
  16  1:11  Refinery  
  16  1:13  SCV  
  16  1:23  Refinery  
Show
View Real Time Build Order
Export as new Build Order

Player 2 Protoss 

Build Orders:  

Get SALT Encoding   

  12  0:00  Probe x12 (Chrono Boost)  
  12  0:06  Unknown  
  13  0:07  Probe (Chrono Boost)  
  14  0:24  Probe (Chrono Boost)  
  15  0:38  Pylon  
  15  0:41  Probe (Chrono Boost)  
  16  1:16  Probe (Chrono Boost)  
  16  1:20  Pylon  
Tags
 
Add a new tag
Caveats
  • Supply blocks, unpowered buildings, or Contaminate may cause inaccurate times.
  • Supply counts are checked every 10 seconds.